 Dungeon Crawl Stone Soup version 0.20-a0-731-gecde0bf (webtiles) character file.

298 Alarkh the Insei (level 6, 21/47 HPs)
             Began as a Demonspawn Monk on Feb 22, 2017.
             Quit the game on level 3 of the Dungeon.
             The game lasted 00:04:40 (2460 turns).

Alarkh the Insei (Demonspawn Monk)                  Turns: 2460, Time: 00:04:41

Health: 21/47      AC:  8    Str:  9 (11) XL:     6   Next: 13%
Magic:  6/6        EV: 16    Int: 11 (13) God:
Gold:   99         SH:  0    Dex: 15 (16) Spells: 5/5 levels left

rFire    + . .     SeeInvis .     - Unarmed
rCold    . . .     Gourm    .   a - +0 robe
rNeg     . . .     Faith    .   (no shield)
rPois    .         Spirit   .   (helmet restricted)
rElec    .         Reflect  .   (no cloak)
rCorr    .         Harm     .   (no gloves)
MR       .....                  (no boots)
Stlth    ++........             (no amulet)
Regen    0.2/turn               (no ring)
MPRegen  0.1/turn               g - +2 ring of evasion

@: sanguine armour
A: horns 2, fire resistance 1, spiny 1, sanguine armour 1
a: no special abilities


You were on level 3 of the Dungeon.
You were not hungry.

You visited 1 branch of the dungeon, and saw 3 of its levels.

You collected 99 gold pieces.

Inventory:

Armour
 a - a +0 robe (worn)
Jewellery
 g - a +2 ring of evasion (left hand)
Scrolls
 e - 2 scrolls of identify
 f - a scroll of teleportation
 k - a scroll of recharging {unknown}
 l - a scroll of remove curse {unknown}
 m - a scroll of fear {unknown}
 n - a scroll of enchant weapon {unknown}
Potions
 c - a potion of degeneration
 i - a potion of heal wounds {unknown}
 j - a potion of haste {unknown}
 o - a potion of flight {unknown}
 p - a potion of ambrosia {unknown}
 q - a potion of brilliance {unknown}
Comestibles
 b - 4 bread rations
 d - a fruit
 h - 3 chunks of flesh
 r - a royal jelly


   Skills:
 + Level 3.6 Fighting
 + Level 3.9 Dodging
 + Level 3.0 Stealth
 + Level 4.7 Unarmed Combat


You had 5 spell levels left.
You didn't know any spells.

Dungeon Overview and Level Annotations

Branches:
Dungeon (3/15)

Altars:
Yredelemnul


Innate Abilities, Weirdness & Mutations

You have a pair of horns on your head.
Your flesh is heat resistant. (rF+)
You are partially covered in sharp spines.
When seriously injured, your bleeding wounds create armour. (AC +6)


Message History

The centaur is moderately wounded.
The centaur barely misses you. The centaur hits you.
You hit the centaur.
The centaur is severely wounded.
The centaur is struck by your spines. The centaur misses you.
You completely miss the centaur. Your headbutt misses the centaur.
The centaur is almost dead.
The centaur hits you but does no damage.
The centaur is struck by your spines. The centaur closely misses you.
You hit the centaur.
You kill the centaur!
You feel your strength returning.
You feel your dexterity returning.
Your Stealth skill increases to level 3!
You have reached level 6!
Your experience leads to an increase in your attributes!
Your base attributes are Str 11, Int 12, Dex 16.
Increase (S)trength, (I)ntelligence, or (D)exterity?
You feel clever.
Your demonic ancestry asserts itself...
You feel resistant to heat.
Are you sure you want to abandon this character and quit the game? (Confirm with "yes".)

...#..........#
..#...........
...........#.
#...........
#%.......... .
#.........#
...##...(.....#
##.......############
......†.(......)@(..#
###.>=..###########.#
#....#(.. ##### ##.#
....####.. ...###..#
...# ######.##..##
..# ##......## ..
########......##
#.............### .
.......#...[....###


There were no monsters in sight!

Vanquished Creatures
  A centaur (D:3)
  Jessica (D:3)
  Ijyb (D:2)
  Terence (D:3)
  Robin (D:1)
  5 adders
  2 worms
  3 dart slugs
  5 orcs (D:3)
  5 bats
  4 giant cockroaches
  14 goblins
  8 hobgoblins
  8 jackals
  6 kobolds
  2 frilled lizards (D:1)
  5 rats
72 creatures vanquished.

Notes
Turn   | Place    | Note
-------+----------+-------------------------------------------
     0 | D:1      | Alarkh the Demonspawn Monk began the quest for the Orb.
     0 | D:1      | Reached XP level 1. HP: 18/18 MP: 1/1
   131 | D:1      | Reached skill level 3 in Unarmed Combat
   131 | D:1      | Gained mutation: You have a pair of small horns on your head. [demonic ancestry]
   131 | D:1      | Reached XP level 2. HP: 14/24 MP: 2/2
  1278 | D:2      | Gained mutation: You are partially covered in sharp spines. [demonic ancestry]
  1278 | D:2      | Reached XP level 3. HP: 25/29 MP: 3/3
  1314 | D:2      | Noticed Ijyb
  1322 | D:2      | Killed Ijyb
  1336 | D:2      | Gained mutation: You have a pair of horns on your head. [demonic ancestry]
  1336 | D:2      | Reached XP level 4. HP: 25/35 MP: 4/4
  1390 | D:2      | Found a basalt altar of Yredelemnul.
  1411 | D:2      | Noticed Robin
  1801 | D:1      | Killed Robin
  2096 | D:3      | Noticed Terence
  2098 | D:3      | Noticed Jessica
  2116 | D:3      | Killed Terence
  2116 | D:3      | Reached skill level 4 in Unarmed Combat
  2116 | D:3      | Gained mutation: When seriously injured, your bleeding wounds create armour. (AC +6) [demonic ancestry]
  2116 | D:3      | Reached XP level 5. HP: 20/41 MP: 5/5
  2415 | D:3      | Killed Jessica
  2436 | D:3      | Noticed a centaur
  2459 | D:3      | Killed a centaur
  2459 | D:3      | Gained mutation: Your flesh is heat resistant. (rF+) [demonic ancestry]
  2459 | D:3      | Reached XP level 6. HP: 21/47 MP: 6/6
  2460 | D:3      | Quit the game

Vault maps used:
D:1:      dpeg_arrival_refuge, st_stairs_1, moated_statue
D:2:      lemuel_crystal_altar, first_bread, uniq_robin, uniq_iyjb
D:3:      nicolae_overflow_hidden_temple, uniq_terence, uniq_jessica

Skill      XL: |  1  2  3  4  5 |
---------------+----------------+-----
Unarmed Combat | 3 4 |  4.7
Stealth        | 2 3 |  3.0
Dodging        | 3 |  3.9
Fighting       | |  3.6

Action                   |  1- 3 |  4- 6 || total
-------------------------+-------+-------++-------
Melee: Unarmed           |    95 |   102 ||   197
       Headbutt          |    10 |    14 ||    24
       Punch             |     1 |       ||     1
  Use: Potion            |     1 |     1 ||     2
       Scroll            |     1 |       ||     1
 Stab: Sleeping          |     3 |     2 ||     5
  Eat: Chunk             |     1 |     4 ||     5
Armor: Robe              |    22 |    10 ||    32
Dodge: Dodged            |    66 |    80 ||   146
